 Dungeon Crawl Stone Soup version 0.30.0-15-g856e2d3f33 (webtiles) character file.

Game seed: 3827258406693656617

618 qw the Chopper (level 7, -11/43 HPs)
             Began as a Gargoyle Cinder Acolyte on May 18, 2023.
             Was an Elder of Ignis.
             Mangled by an ogre
             ... wielding a +0 giant spiked club
              (28 damage)
             ... on level 6 of the Dungeon.
             The game lasted 00:01:48 (3787 turns).

qw the Chopper (Gargoyle Cinder Acolyte)            Turns: 3787, Time: 00:01:48

Health: -11/43     AC: 19    Str: 20      XL:     7   Next: 45%
Magic:  8/8        EV: 10    Int: 14      God:    Ignis [****..]
Gold:   88         SH:  0    Dex:  4 (5)  Spells: 8/8 levels left

rFire   + + .        Y - +0 hand axe (flame)
rCold   + . .        (no shield)
rNeg    + . .        f - +0 ring mail
rPois   inf          (no helmet)
rElec   +            n - scarf {rC+ rF+}
rCorr   .            i - +0 pair of gloves
SInv    .            b - +0 pair of boots
Will    .....        (no amulet) Stlth
                     (no ring)
HPRegen 0.27/turn    (no ring)
MPRegen 0.11/turn

%: no passive effects
@: fiery-armoured
A: sickness immunity, AC +4, negative energy resistance 1, electricity
resistance, torment resistance 1, petrification resistance
a: Renounce Religion, Fiery Armour, Foxfire Swarm, Rising Flame


You were on level 6 of the Dungeon.
You worshipped Ignis.
Ignis was greatly pleased with you.
You visited 1 branch of the dungeon, and saw 5 of its levels.

You collected 116 gold pieces.
You spent 28 gold pieces at shops.


Innate Abilities, Weirdness & Mutations

You are immune to sickness and miasma.
Your stone body is resilient. (AC +4)
You are immune to poison.
You resist negative energy. (rN+)
You are resistant to electric shocks. (rElec)
You are resistant to unholy torment.
You are immune to petrification.


   Skills:
 + Level 4.3 Fighting
 - Level 7.0 Axes
 - Level 2.2 Armour
 - Level 1.0 Spellcasting
 - Level 3.0 Fire Magic


You had 8 spell levels left.
You didn't know any spells.
Your spell library contained the following spells:

 Spells                   Type           Power      Damage    Failure   Level
 Scorch                   Fire           18%        2d6       19%         2

Inventory:

Hand Weapons
 Y - a +0 hand axe of flaming (weapon)
Armour
 b - a +0 pair of boots (worn)
 f - a +0 ring mail (worn)
 i - a +0 pair of gloves (worn)
 n - a scarf of resistance (worn)
Scrolls
 a - a scroll of fog {unknown}
 d - a scroll of silence {unknown}
 m - 2 scrolls of identify
Potions
 c - a potion of might
 j - 2 potions of heal wounds
 k - 4 potions of curing

Dungeon Overview and Level Annotations

Branches:
Dungeon (4/15)             Temple (0/1) D:4

Altars:

Shops:
D:2 ?


Message History

The gnoll hits you with a +0 halberd. The gnoll hits you but does no damage.
The gnoll is burned by your cloak of flames.
The gnoll is lightly wounded.
You barely miss the gnoll.
The gnoll is heavily wounded.
You closely miss the gnoll. You hit the ogre. You burn the ogre.
The gnoll hits you but does no damage.
The gnoll is burned by your cloak of flames.
The gnoll is heavily wounded.
The ogre hits you with a +0 giant spiked club.
The ogre is burned by your cloak of flames.
The ogre is moderately wounded.
The gnoll hits you but does no damage.
The gnoll is burned by your cloak of flames.
The gnoll is heavily wounded.
You barely miss the gnoll.
The gnoll is heavily wounded.
You hit the gnoll. You burn the gnoll.
You kill the gnoll!
You barely miss the ogre. The gnoll closely misses you.
The ogre barely misses you.
You hit the gnoll but do no damage.
The gnoll is heavily wounded.
You closely miss the ogre. The gnoll hits you but does no damage.
The gnoll is burned by your cloak of flames.
The gnoll is almost dead.
You hit the gnoll. You burn the gnoll.
You kill the gnoll!
You hit the ogre. You burn the ogre.
The ogre hits you with a +0 giant spiked club!!
Ouch! That really hurt!
The ogre is burned by your cloak of flames.
The ogre is heavily wounded.
3786 ||| INVOKING Fiery Armour.
Your cloak of flame flares fiercely!
You slash the ogre! You burn the ogre.
The ogre is almost dead.
The ogre hits you with a +0 giant spiked club!!
Ouch! That really hurt!
You die...

..........#
##...<.....#
...........#
##..........
..........#
#......#
#))O...#
#####.@##..##
.............#
#...###.##...#
.###.##.##...#
#.#.##...#
#(..#...#
####.......#
#.)...%###.#
#.#....## .#


You could see an ogre.

Vanquished Creatures
  Grinder (D:3)
  3 jellies (D:2)
  A hound (D:3)
  An orc priest (D:2)
  Jessica (D:2)
  2 iguanas (D:4)
  3 gnolls (D:6)
  5 adders
  8 worms
  A dart slug (D:3)
  5 orcs
  4 ball pythons
  6 bats
  13 endoplasms
  5 giant cockroaches
  7 goblins
  3 hobgoblins
  6 jackals
  10 kobolds
  4 quokkas
  3 frilled lizards
  7 rats
99 creatures vanquished.

Notes
Turn   | Place    | Note
-------+----------+-------------------------------------------
     0 | D:1      | qw the Gargoyle Cinder Acolyte began the quest for the Orb.
     0 | D:1      | Reached XP level 1. HP: 14/14 MP: 2/2
     0 | D:1      | 0 ||| qw: Version: 0.2-a-95-gc95f03d
     0 | D:1      | 0 ||| qw: Game counter: 70
     0 | D:1      | 0 ||| qw: Always use a shield: true
     0 | D:1      | 0 ||| qw: God list: Okawaru
     0 | D:1      | 0 ||| qw: Allow faded altars: false
     0 | D:1      | 0 ||| qw: Do Orc after D:15 true
     0 | D:1      | 0 ||| qw: Do second Lair branch before Depths: true
     0 | D:1      | 0 ||| qw: Lair rune preference: random
     0 | D:1      | 0 ||| qw: Plans: Normal
     0 | D:1      | 0 ||| PLANNING D:1-11
   165 | D:1      | Reached skill level 3 in Axes
   239 | D:1      | Reached XP level 2. HP: 13/19 MP: 3/3
   270 | D:1      | 270 ||| Stepping ~*~*~tactically~*~*~ (stealth).
   273 | D:1      | 273 ||| Stepping ~*~*~tactically~*~*~ (stealth).
   280 | D:1      | 280 ||| Stepping ~*~*~tactically~*~*~ (stealth).
   282 | D:1      | 282 ||| Stepping ~*~*~tactically~*~*~ (stealth).
  1050 | D:1      | 1050 ||| UPGRADING to +0 ring mail.
  1060 | D:1      | 1060 ||| DROPPING +0 robe.
  1061 | D:1      | 1061 ||| READING scroll labelled HIGHEL WAF.
  1224 | D:2      | Reached XP level 3. HP: 23/23 MP: 4/4
  1350 | D:2      | 1350 ||| INVOKING Fiery Armour.
  1373 | D:2      | Reached skill level 4 in Axes
  1390 | D:2      | 1390 ||| Stepping ~*~*~tactically~*~*~ (stealth).
  1393 | D:2      | 1393 ||| Stepping ~*~*~tactically~*~*~ (stealth).
  1407 | D:2      | Reached skill level 1 in Armour
  1440 | D:2      | Reached XP level 4. HP: 28/28 MP: 5/5
  1506 | D:2      | 1506 ||| INVOKING Fiery Armour.
  1562 | D:2      | Reached skill level 5 in Axes
  1562 | D:2      | Reached XP level 5. HP: 13/32 MP: 6/6
  1571 | D:2      | 1571 ||| Stepping ~*~*~tactically~*~*~ (stealth).
  1792 | D:2      | Found Ruulaem's Magic Scroll Shop.
  1800 | D:2      | 1800 ||| SHOPLISTING 2 scrolls of identify (56 gold, have
                  | 45).
  1800 | D:2      | 1800 ||| SHOPLISTING scroll of enchant weapon (105 gold,
                  | have 45).
  1800 | D:2      | 1800 ||| BUYING scroll of identify (28 gold).
  1800 | D:2      | Bought a scroll of identify for 28 gold pieces
  1800 | D:2      | 1800 ||| SHOPLISTING scroll of teleportation (42 gold, have
                  | 17).
  2044 | D:2      | 2044 ||| Stepping ~*~*~tactically~*~*~ (hiding).
  2053 | D:2      | Noticed Jessica
  2060 | D:2      | Killed Jessica
  2061 | D:2      | Reached XP level 6. HP: 20/38 MP: 7/7
  2063 | D:2      | 2063 ||| INVOKING Fiery Armour.
  2256 | D:2      | 2256 ||| UPGRADING to +0 pair of gloves.
  2261 | D:2      | 2261 ||| UPGRADING to scarf of resistance.
  2266 | D:2      | 2266 ||| DROPPING +6 ring of intelligence.
  2267 | D:2      | 2267 ||| READING scroll labelled BAADAFA QAEWU.
  2297 | D:2      | 2297 ||| READING scroll labelled VIP TOANETHRAA.
  2298 | D:2      | 2298 ||| READING scroll labelled YCIR ESSUQACHI.
  2299 | D:2      | 2299 ||| DRINKING 2 smoky emerald potions.
  2300 | D:2      | 2300 ||| DRINKING 2 sedimented black potions.
  2301 | D:2      | 2301 ||| DRINKING 4 inky potions.
  2302 | D:2      | 2302 ||| DROPPING potion of degeneration.
  2481 | D:3      | 2481 ||| Stepping ~*~*~tactically~*~*~ (stealth).
  2761 | D:3      | Noticed Grinder
  2762 | D:3      | 2762 ||| Stepping ~*~*~tactically~*~*~ (hiding).
  2766 | D:3      | 2766 ||| Stepping ~*~*~tactically~*~*~ (hiding).
  2767 | D:3      | 2767 ||| Stepping ~*~*~tactically~*~*~ (hiding).
  2768 | D:3      | 2768 ||| Stepping ~*~*~tactically~*~*~ (hiding).
  2782 | D:3      | 2782 ||| Stepping ~*~*~tactically~*~*~ (hiding).
  2787 | D:3      | Killed Grinder
  2788 | D:3      | Reached skill level 6 in Axes
  2788 | D:3      | Reached XP level 7. HP: 33/43 MP: 8/8
  3324 | D:3      | 3324 ||| UPGRADING to +0 pair of boots.
  3329 | D:3      | 3329 ||| READING scroll labelled NUUV EDISECIMU.
  3330 | D:3      | 3330 ||| DRINKING 2 fizzy clear potions.
  3331 | D:3      | 3331 ||| DRINKING 2 metallic blue potions.
  3332 | D:3      | 3332 ||| DRINKING 2 white potions.
  3359 | D:3      | 3359 ||| READING 3 scrolls of identify.
  3359 | D:3      | 3359 ||| IDENTIFYING purple potion
  3360 | D:3      | 3360 ||| DROPPING potion of brilliance.
  3361 | D:3      | 3361 ||| DROPPING potion of ambrosia.
  3362 | D:3      | 3362 ||| DROPPING potion of lignification.
  3419 | D:4      | Found a staircase to the Ecumenical Temple.
  3648 | D:4      | 3648 ||| INVOKING Fiery Armour.
  3663 | D:4      | 3663 ||| Stepping ~*~*~tactically~*~*~ (stealth).
  3663 | D:4      | You fall into a shaft and drop 2 floors!
  3761 | D:6      | Reached skill level 7 in Axes
  3773 | D:6      | 3773 ||| Stepping ~*~*~tactically~*~*~ (hiding).
  3786 | D:6      | 3786 ||| INVOKING Fiery Armour.
  3787 | D:6      | Mangled by an ogre

Levels and vault maps discovered:
D:1:      eino_arrival_tree_alley, layout_loops_corners,
          minmay_shallow_snake_nest
D:2:      cheibrodos_fertilizer, layout_basic, serial_shops, shop,
          nicolae_wormholes, uniq_jessica
D:3:      layout_basic, uniq_grinder
D:4:      layout_gridville, temple_fountains, minivault_4
D:6:      layout_loops_ring, uniq_duvessa, uniq_maggie, uniq_sigmund

Skill      XL: |  1  2  3  4  5  6  7 |
---------------+----------------------+-----
Axes           | 3 4 5 6 7 |  7.0
Armour         | 1 2 |  2.2
Fighting       | 4 |  4.3
Spellcasting   | |  1.0
Fire Magic     | |  3.0

Action                     |  1- 3 |  4- 6 |  7- 9 || total
---------------------------+-------+-------+-------++-------
  Melee: Hand axe          |    96 |   127 |    71 ||   294
         Punch             |     1 |     1 |     3 ||     5
 Invoke: Fiery Armour      |     1 |     2 |     2 ||     5
    Use: Scroll            |     1 |     3 |     2 ||     6
         Potion            |       |     3 |     3 ||     6
 Armour: Robe              |    21 |       |       ||    21
         Ring mail         |    11 |    50 |    33 ||    94
  Dodge: Dodged            |    39 |    52 |    24 ||   115

Table legend:
 A = Non-vault XP
 B = Vault XP
 C = Vault XP percentage of total XP
 D = Non-vault monster count
 E = Vault monster count
 F = Vault count percentage of total count
                 A         B        C        D         E       F
            +---------+---------+-------+---------+---------+-------
      Total |     389 |     494 |  55.9 |      75 |      24 |  24.2
            +---------+---------+-------+---------+---------+-------
        D:1 |      32 |       0 |   0.0 |      20 |       0 |   0.0
        D:2 |     116 |     208 |  64.2 |      19 |      23 |  54.8
        D:3 |      93 |     286 |  75.5 |      25 |       1 |   3.8
        D:4 |      92 |       0 |   0.0 |       7 |       0 |   0.0
        D:6 |      56 |       0 |   0.0 |       4 |       0 |   0.0
            +---------+---------+-------+---------+---------+-------
